 Dungeon Crawl Stone Soup version 0.19-a0-1720-gc855d72 (webtiles) character file.

17858 pl3b the Cleaver (level 12, 23/249 HPs)
             Began as a Minotaur Berserker on Sept 29, 2016.
             Was a High Priest of Trog.
             Quit the game on level 4 of the Lair of Beasts.
             The game lasted 01:03:09 (10929 turns).

pl3b the Cleaver (Minotaur Berserker)              Turns: 10929, Time: 01:03:10

Health: 23/249     AC: 27    Str: 31    XL:     12   Next: 22%
Magic:  2/3        EV:  2    Int:  4    God:    Trog [*****.]
Gold:   641        SH:  0    Dex: 11    Spells: 0 memorised, 11 levels left

rFire  + . .     SeeInvis .     v - +3 broad axe (antimagic)
rCold  . . .     Gourm    .     (armour currently unavailable)
rNeg   + + +     Faith    .     (no shield)
rPois  +         Spirit   +     (helmet currently unavailable)
rElec  .         Dismiss  .     (cloak currently unavailable)
rCorr  .         Reflect  .     (gloves currently unavailable)
MR     ++...     Harm     .     (boots currently unavailable)
Stlth  .......... NoTele   +    s - amulet of guardian spirit
                                t - ring of protection from fire
                                (no ring)

@: berserking, tree-form, regenerating, very quick
A: (retaliatory headbutt), (horns 0)
a: Berserk, Trog's Hand, Brothers in Arms, Burn Spellbooks, Renounce Religion


You were on level 4 of the Lair of Beasts.
You worshipped Trog.
Trog was extremely pleased with you.
You were not hungry.
You were a tree.
You visited 2 branches of the dungeon, and saw 12 of its levels.
You also visited: Labyrinth.

You collected 641 gold pieces.

Inventory:

Hand Weapons
 c - a +0 war axe of venom
 l - a +0 short sword of venom
 v - a +3 antimagic broad axe (weapon)
 E - a +4 battleaxe
 J - a +2 great sword of holy wrath
Missiles
 u - 10 tomahawks (quivered)
 y - 7 tomahawks of returning
 F - 128 arrows
Armour
 b - a +1 pair of gloves (melded)
 f - a +0 ring mail
 r - a +1 pair of boots (melded)
 I - a +3 plate armour of poison resistance (melded)
Jewellery
 i - an uncursed amulet of dismissal
 m - an uncursed ring of flight
 q - an uncursed ring of fire {unknown}
 s - an amulet of guardian spirit (around neck)
 t - a ring of protection from fire (right branch)
 B - a +2 ring of dexterity {unknown}
 D - an uncursed ring of positive energy {unknown}
 K - an uncursed ring of stealth {unknown}
 N - an uncursed ring of wizardry {unknown}
Wands
 z - a wand of slowing (27/48)
 C - a wand of teleportation (2/9)
 L - a wand of random effects (13/48)
Scrolls
 e - 7 scrolls of teleportation
 k - 2 scrolls of magic mapping
 n - 2 scrolls of enchant weapon
 H - a scroll of remove curse
Potions
 a - 2 potions of brilliance
 d - a potion of cancellation
 g - a potion of might {unknown}
 h - 3 potions of agility
 o - 2 potions of curing
 p - a potion of flight {unknown}
Books
 M - a book of the Warp

   Spells                             Type                      Level
   a - Gell's Gravitas                Hexes/Translocation          3
   b - Force Lance                    Conjuration/Translocation    4
   c - Summon Forest                  Summoning/Translocation      5
   d - Dispersal                      Translocation                6
   e - Controlled Blink               Translocation                8
   f - Disjunction                    Translocation                8
   Trog disapproves of the use of such an item.
Comestibles
 j - 7 meat rations
 x - 2 slices of pizza
 A - 4 bread rations
 G - 2 beef jerkies


   Skills:
 + Level 11.6 Fighting
 + Level 7.9(8.2) Short Blades
 + Level 3.6(6.6) Long Blades
 + Level 13.2 Axes
 + Level 11.1 Armour
 + Level 8.0 Dodging
 + Level 1.6 Stealth


You had 11 spell levels left.
You didn't know any spells.

Dungeon Overview and Level Annotations

Branches:
Dungeon (8/15)             Temple (0/1) D:5            Lair (4/6) D:8
 Shoals (0/4) Lair:3
  Snake: Lair:2-4    Spider: Lair:2-4

Altars:
Elyvilon
Gozag
Hepliaklqana
Nemelex Xobeh
Xom

Shops:
D:4 !


Innate Abilities, Weirdness & Mutations

((You reflexively headbutt those who attack you in melee.))
((You have a pair of horns on your head.))


Message History

You cannot move.
You cannot move.
You cannot move.
You cannot move.
Unknown command.
You cannot move.
You cannot move.
You cannot move.
Saving game... please wait.
Welcome back, pl3b the Minotaur Berserker.
Trog says: Kill them all!
Press ? for a list of commands and other information.
You cannot move.
Unknown command.
You cannot move.
You cannot move.
You cannot move.
You cannot move.
You cannot move.
Are you sure you want to abandon this character and quit the game? (Confirm with "yes".)

#...............
#....##.......... ...
#....#.#P.## .
#....### ..# .. #....#
# #. ##...# .# #.
#...# ..#
#.####†..###..# #
#.P.##♣..#.#..##.
P###P#....§...........
............F.........
.≈......†..F<.....##.#
≈≈≈≈................#
≈≈≈≈≈≈...<.F..F...###
≈≈≈≈≈.............#.##
≈≈≈≈.>................
≈≈≈≈≈.....##..........


You could see 4 blink frogs.

Vanquished Creatures
  A minotaur (Lab)
  A hydra (Lair:3)
  3 elephants (Lair:3)
  2 black mambas
  A spiny frog (Lair:2)
  2 komodo dragons
  The ghost of 0gre the Shield-Bearer, a novice GrFi of the Shining One (D:5)
  10 blink frogs
  6 hippogriffs
  20 yaks
  A basilisk (Lair:4)
  A hungry ghost (D:6)
  Menkaure (D:4)
  2 steam dragons
  10 water moccasins
  9 porcupines
  Purgy (D:4)
  2 orc warriors
  2 sky beasts
  5 ogres
  A phantom (D:3)
  6 wolves (Lair:3)
  5 centaurs
  7 crocodiles
  2 gnoll sergeants (D:8)
  A wyvern zombie (D:8)
  10 bullfrogs
  A wyvern skeleton (D:8)
  A scorpion (D:8)
  4 killer bees
  5 wights (D:6)
  2 howler monkeys (D:8)
  A crimson imp (D:8)
  2 centaur zombies
  A bullfrog zombie (D:5)
  8 orc wizards
  3 orc priests
  A gnoll shaman (D:8)
  5 hounds
  7 iguanas
  3 jellies
  Natasha (thrice) (D:4)
  4 worker ants
  A hound zombie (D:8)
  Robin (D:2)
  4 gnolls (D:8)
  35 river rats
  6 adders
  A shadow imp (D:6)
  2 worms (D:2)
  A dart slug (D:1)
  3 leopard geckos
  21 orcs
  9 giant cockroaches
  13 goblins
  15 hobgoblins
  5 jackals
  2 quokkas
  A ball python (D:3)
  10 bats
  4 frilled lizards
  A jackal zombie (D:7)
  20 kobolds
  7 rats
  13 plants
339 creatures vanquished.

Vanquished Creatures (others)
  An orc (D:8)
  A quokka (D:8)
2 creatures vanquished.

Grand Total: 341 creatures vanquished

Notes
Turn   | Place    | Note
-------+----------+-------------------------------------------
     0 | D:1      | pl3b the Minotaur Berserker began the quest for the Orb.
     0 | D:1      | Reached XP level 1. HP: 19/19 MP: 0/0
   168 | D:1      | Reached skill level 4 in Axes
   168 | D:1      | Reached XP level 2. HP: 13/27 MP: 1/1
   685 | D:1      | Reached XP level 3. HP: 29/34 MP: 2/2
  1164 | D:2      | Noticed Robin
  1177 | D:2      | Killed Robin
  1183 | D:2      | Reached ** piety under Trog
  1530 | D:2      | Reached XP level 4. HP: 25/41 MP: 3/3
  1545 | D:2      | Reached skill level 5 in Fighting
  2083 | D:3      | Reached skill level 1 in Short Blades
  2434 | D:3      | Noticed a phantom
  2462 | D:3      | Killed a phantom
  2462 | D:3      | Reached XP level 5. HP: 27/48 MP: 4/4
  2671 | D:4      | Noticed Natasha
  2677 | D:4      | Killed Natasha
  2677 | D:4      | Reached *** piety under Trog
  2724 | D:4      | Noticed an ogre
  2731 | D:4      | Killed an ogre
  2731 | D:4      | Reached XP level 6. HP: 43/56 MP: 5/5
  2785 | D:4      | Noticed Natasha
  2792 | D:4      | Killed Natasha
  2835 | D:4      | Found a shimmering altar of Xom.
  2941 | D:4      | Noticed Purgy
  2963 | D:4      | Killed Purgy
  2980 | D:4      | Reached XP level 7. HP: 40/61 MP: 6/6
  3003 | D:4      | Found a sparkling altar of Nemelex Xobeh.
  3121 | D:4      | Noticed Menkaure
  3137 | D:4      | Killed Menkaure
  3137 | D:4      | Reached skill level 5 in Armour
  3262 | D:4      | Found Fuomus Efro's Distillery.
  3266 | D:4      | Noticed Natasha
  3275 | D:4      | Killed Natasha
  3352 | D:4      | Reached skill level 5 in Short Blades
  3379 | D:5      | Entered Level 5 of the Dungeon
  3427 | D:5      | Noticed a steam dragon
  3447 | D:5      | Killed a steam dragon
  3470 | D:5      | Noticed 0gre's ghost (novice GrFi)
  3495 | D:5      | Reached XP level 8. HP: 22/70 MP: 7/7
  3639 | D:5      | Found a staircase to the Ecumenical Temple.
  3955 | D:5      | HP: 1/105 [centaur zombie (8)]
  3956 | D:5      | Reached skill level 5 in Dodging
  4122 | D:5      | Got an ancient leather armour
  4133 | D:5      | Identified the +0 leather armour "Wumaqul" {rN+} (You found it on level 5 of the Dungeon)
  4575 | D:5      | Killed 0gre's ghost
  4575 | D:5      | Reached skill level 1 in Stealth
  4787 | D:6      | Reached **** piety under Trog
  5095 | D:6      | Reached XP level 9. HP: 74/79 MP: 8/8
  5635 | D:7      | Got a heavily runed scale mail
  5648 | D:7      | Identified the cursed +1 scale mail of Youthful Indiscretion {Regen+} (You found it on level 7 of the Dungeon)
  6065 | D:7      | Found an opulent altar of Gozag.
  6065 | D:7      | Found a hazy altar of Hepliaklqana.
  6419 | D:8      | Reached skill level 5 in Axes
  6423 | D:8      | Reached skill level 6 in Axes
  6439 | D:8      | Reached XP level 10. HP: 44/90 MP: 3/9
  6440 | D:8      | Reached skill level 7 in Axes
  6440 | D:8      | Reached ***** piety under Trog
  6655 | D:8      | Reached skill level 8 in Axes
  6716 | D:8      | Received a gift from Trog
  6783 | D:8      | Reached skill level 9 in Axes
  6784 | D:8      | Found a staircase to the Lair.
  6835 | D:8      | Found a flagged portal.
  6889 | D:8      | Found a white marble altar of Elyvilon.
  7610 | Lair:1   | Entered Level 1 of the Lair of Beasts
  7838 | Lair:1   | Reached skill level 10 in Axes
  8081 | Lair:1   | Reached skill level 10 in Fighting
  8237 | Lair:1   | Reached XP level 11. HP: 90/99 MP: 10/10
  8715 | Lair:2   | Reached skill level 10 in Armour
  8716 | Lair:2   | Reached skill level 11 in Axes
  8961 | Lair:2   | Reached skill level 12 in Axes
  9014 | Lair:2   | Found a labyrinth entrance.
  9085 | Lab      | Entered a labyrinth
  9907 | Lab      | Noticed a minotaur
  9922 | Lab      | Killed a minotaur
 10161 | Lair:3   | Found a staircase to the Shoals.
 10341 | Lair:3   | Received a gift from Trog
 10348 | Lair:3   | Reached skill level 1 in Long Blades
 10614 | Lair:3   | Reached XP level 12. HP: 107/110 MP: 3/11
 10718 | Lair:3   | Noticed an eight-headed hydra
 10724 | Lair:3   | Killed an 11-headed hydra
 10893 | Lair:4   | Reached skill level 13 in Axes
 10929 | Lair:4   | Quit the game

Vault maps used:
D:1:      saegor_arrival_simple_d
D:2:      minmay_domino_4, uniq_robin
D:3:      grunt_ministairs_5, minmay_crystal_water, st_stairs_4
D:4:      kennysheep_little_box, nemelex_altar_shiori, first_bread,
          serial_shops, kennysheep_mini, tgw_kikubaaqudgha, uniq_natasha,
          uniq_menkaure, uniq_purgy
D:5:      kennysheep_steamy
D:7:      gammafunk_temple_overflow_pools, minivault_11
D:8:      kennysheep_housing_project, elyvilon_altar_4, minmay_lair_entry_grove,
          enter_bailey_2
Lair:1:   serial_forest, infiniplex_forest_lined_2, infiniplex_forest_lined_1,
          infiniplex_forest_clump_double, infiniplex_forest_lined_room_2,
          infiniplex_forest_clump_double, infiniplex_forest_lined_2,
          serial_bayou_shore_a, grunt_megastairs_3, lemuel_fruit_tree
Lair:2:   lab_entry_generic
Lair:3:   shoals_dummy_entry
Lair:4:   spider_nest_entry_funnel_web, infiniplex_staircase_pool
Lab:      labyrinth_green

Skill      XL: |  1  2  3  4  5  6  7  8  9 10 11 12 |
---------------+-------------------------------------+-----
Fighting       | 4 5 6 7 8 10 11 | 11.6
Axes           | 4 6 10 12 13 | 13.2
Short Blades   | 2 3 4 5 6 7 |  7.9
Dodging        | 3 4 6 7 8 |  8.0
Armour         | 3 4 5 7 8 9 11 | 11.1
Stealth        | 1 |  1.6
Long Blades    | 2 3 |  3.6

Action                   |  1- 3 |  4- 6 |  7- 9 | 10-12 || total
-------------------------+-------+-------+-------+-------++-------
Melee: Hand axe          |    23 |       |       |       ||    23
       Headbutt          |     9 |    17 |    63 |   127 ||   216
       Short sword       |    60 |    78 |   131 |       ||   269
       Rapier            |       |    24 |    67 |       ||    91
       Battleaxe         |       |       |    67 |    31 ||    98
       Mace              |       |       |     9 |       ||     9
       War axe           |       |       |       |   348 ||   348
       Great sword       |       |       |       |    58 ||    58
       Broad axe         |       |       |       |    80 ||    80
Invok: Berserk           |     2 |     2 |     7 |     7 ||    18
       Trog's Hand       |       |       |     1 |     2 ||     3
       Burn Spellbooks   |       |       |     1 |     2 ||     3
  Use: Scroll            |     7 |     3 |     8 |     6 ||    24
       Potion            |       |     1 |       |     2 ||     3
  Eat: Chunk             |     2 |     5 |     2 |     1 ||    10
       Royal jelly       |     1 |       |       |     1 ||     2
       Bread ration      |       |       |     2 |     2 ||     4
       Meat ration       |       |       |     2 |       ||     2
       Fruit             |       |       |     1 |    12 ||    13
       Beef jerky        |       |       |     1 |     1 ||     2
Armor: Animal skin       |    24 |     2 |       |       ||    26
       Ring mail         |       |    48 |    62 |       ||   110
       Scale mail        |       |       |    77 |   176 ||   253
       Plate armour      |       |       |       |   167 ||   167
       Skin              |       |       |       |     6 ||     6
Dodge: Dodged            |    56 |    93 |   246 |   411 ||   806
